 Dungeon Crawl Stone Soup version 0.21.1-1-g345015f (webtiles) character file.

37 Lilu the Magician (level 3, 0/19 HPs)
             Began as a Deep Elf Fire Elementalist on July 22, 2018.
             Succumbed to an adder's poison
             ... on level 2 of the Dungeon.
             The game lasted 00:06:59 (1372 turns).

Lilu the Magician (Deep Elf Fire Elementalist)      Turns: 1372, Time: 00:06:59

Health: 0/19       AC:  2    Str:  5    XL:     3   Next: 21%
Magic:  5/10       EV: 13    Int: 20    God:
Gold:   62         SH:  0    Dex: 15    Spells: 8/9 levels left

rFire    . . .     SeeInvis .   (no weapon)
rCold    . . .     Gourm    .   (no shield)
rNeg     . . .     Faith    .   a - +0 robe
rPois    .         Spirit   .   (no helmet)
rElec    .         Reflect  .   (no cloak)
rCorr    .         Harm     .   (no gloves)
MR       .....                  (no boots)
Stlth    ++........             (no amulet)
HPRegen  0.06/turn              (no ring)
MPRegen  0.12/turn              (no ring)

@: lethally poisoned (0 -> -8)
A: no striking features
a: no special abilities


You were on level 2 of the Dungeon.
You were not hungry.

You visited 1 branch of the dungeon, and saw 2 of its levels.

You collected 62 gold pieces.

Inventory:

Hand Weapons
 h - a +0 dagger
 o - a +0 hunting sling
 s - a +0 hunting sling
Missiles
 e - 57 stones (quivered)
 k - 43 bolts
 q - 18 poisoned needles
Armour
 a - a +0 robe (worn)
 f - a +0 shield
 p - a +0 robe
 t - a +0 robe
Jewellery
 l - an uncursed amulet of faith {unknown}
Scrolls
 d - 2 scrolls of identify {unknown}
 m - a scroll of enchant weapon {unknown}
 n - a scroll of teleportation {unknown}
Potions
 g - a potion of might {unknown}
 j - a potion of curing {unknown}
 r - a potion of agility {unknown}
Books
 b - a book of Flames

   Spells                             Type                      Level
   a - Flame Tongue                   Conjuration/Fire             1
   b - Throw Flame                    Conjuration/Fire             2
   c - Conjure Flame                  Conjuration/Fire             3
   d - Inner Flame                    Hexes/Fire                   3
   e - Sticky Flame                   Conjuration/Fire             4
   f - Fireball                       Conjuration/Fire             5
Comestibles
 c - a ration
 i - 2 chunks of flesh


   Skills:
 + Level 2.8 Dodging
 - Level 3.0 Stealth
 + Level 3.7 Spellcasting
 * Level 1.3 Conjurations
 + Level 3.7 Fire Magic


You had 8 spell levels left.
You knew the following spells:

 Your Spells              Type           Power        Failure   Level  Hunger
a - Flame Tongue          Conj/Fire      ##...        4%          1    None


Dungeon Overview and Level Annotations

Branches:
Dungeon (2/15)

Altars:


Message History

* * * LOW HITPOINT WARNING * * *
The adder bites you.
* * * LOW HITPOINT WARNING * * *
Casting: Flame Tongue
Confirm with . or Enter, or press ? or * to list all spells.
Aiming: Flame Tongue
Press: ? - help, Shift-Dir - straight line, f/p - adder
Aim: an adder The flame tongue hits the adder.
The adder is moderately wounded.
* * * LOW HITPOINT WARNING * * *
You feel sick. The adder bites you.
* * * LOW HITPOINT WARNING * * *
Casting: Flame Tongue
Confirm with . or Enter, or press ? or * to list all spells.
Aiming: Flame Tongue
Press: ? - help, Shift-Dir - straight line, f/p - adder
Aim: an adder (moderately wounded)
The flame tongue misses the adder.
You die...

#.############
###########[.......#...#
#..........#######.....##
#..........# ##....## ######
#..........########....## .....#
#.......................' .....#
#..........######....>### #.....#
#).........# #.##### # ......#
#......S@..######.## ### ......#
######........♣....# #.. ......#
#...#<......♣♣♣...# #.. ......#
#...#.....♣..♣..♣.####.. ......#
#...#....♣♣♣...♣♣♣..##..
......####...#..♣..♣..♣..♣..♣.#..
.###.#.........♣♣♣...♣♣♣...♣♣♣#..
.# #.#.###...#..♣..♣..♣..♣..♣....
.# #.#.# #...#....♣♣♣...♣♣♣......


You could see an adder.

Vanquished Creatures
  A leopard gecko (D:1)
  3 ball pythons (D:1)
  6 bats
  2 giant cockroaches (D:2)
  3 goblins
  4 hobgoblins
  4 jackals (D:1)
  2 kobolds (D:1)
  A quokka (D:2)
  2 frilled lizards
  A rat (D:2)
29 creatures vanquished.

Notes
Turn   | Place    | Note
-------+----------+-------------------------------------------
     0 | D:1      | Lilu the Deep Elf Fire Elementalist began the quest for the Orb.
     0 | D:1      | Reached XP level 1. HP: 10/10 MP: 6/6
   378 | D:1      | Reached XP level 2. HP: 15/15 MP: 6/8
  1104 | D:2      | Reached XP level 3. HP: 19/19 MP: 7/10
  1372 | D:2      | Succumbed to an adder's poison

Skill      XL: |  1  2 |
---------------+-------+-----
Stealth        | 3 |  3.0
Dodging        | |  2.8
Spellcasting   | |  3.7
Conjurations   | |  1.3
Fire Magic     | |  3.7

Action                   || total
-------------------------++-------
 Cast: Flame Tongue      ||    54
  Eat: Chunk             ||     1
Armor: Robe              ||     4
Dodge: Dodged            ||    25
